 Dungeon Crawl Stone Soup version 0.24.1-8-ga250c9d538 (webtiles) character file.

Game seed: 2771178584661710776, levelgen mode: deterministic

394 Hugehornet the Insei (level 6, -2/38 HPs)
             Began as an Octopode Transmuter on May 1, 2020.
             Slain by a phantom (9 damage)
             ... on level 4 of the Dungeon.
             The game lasted 00:14:47 (5236 turns).

Hugehornet the Insei (Octopode Transmuter)          Turns: 5236, Time: 00:14:48

Health: -2/38      AC:  1    Str: 10    XL:     6   Next: 81%
Magic:  2/10       EV: 13    Int: 17    God:
Gold:   208        SH:  0    Dex: 12    Spells: 5/11 levels left

rFire    . . .     SeeInvis .     - Unarmed
rCold    . . .     Gourm    .   (no shield)
rNeg     . . .     Faith    .   (helmet restricted)
rPois    .         Spirit   .   (no amulet)
rElec    .         Reflect  .   (no ring)
rCorr    .         Harm     .   (no ring)
MR       .....                  (no ring)
Stlth    ++........             (no ring)
HPRegen  0.12/turn              (no ring)
MPRegen  0.12/turn              (no ring)
                                (no ring)
                                (no ring)

@: appendage (expiring)
A: almost no armour, stealthy swim, amphibious, 8 rings, constrict 8, tentacle
spike 3, camouflage 1, gelatinous body 1
a: End Transformation


You were on level 4 of the Dungeon.
You were not hungry.
One of your tentacles had a temporary spike.
You visited 1 branch of the dungeon, and saw 4 of its levels.

You collected 208 gold pieces.

Inventory:

Missiles
 a - 4 arrows
Jewellery
 k - an uncursed ring of fire
Wands
 o - a wand of flame (20)
Scrolls
 b - a scroll of enchant armour
 d - 3 scrolls of teleportation
 e - 2 scrolls of identify
 g - a scroll of fear {unknown}
 i - a scroll of enchant weapon {unknown}
 l - 2 scrolls of remove curse
 n - a scroll of magic mapping {unknown}
Potions
 f - a potion of curing
 h - a potion of magic
 j - a potion of flight {unknown}
 m - a potion of brilliance {unknown}
Comestibles
 c - 4 rations
 p - a chunk of flesh


   Skills:
 - Level 1.0 Fighting
 - Level 2.0 Dodging
 * Level 4.8 Unarmed Combat
 + Level 3.2 Spellcasting
 + Level 3.8 Transmutations
 - Level 3.6 Poison Magic


You had 5 spell levels left.
You knew the following spells:

 Your Spells              Type           Power        Failure   Level  Hunger
a - Beastly Appendage     Tmut           ###...       3%          1    None
b - Sticks to Snakes      Tmut           ###.....     5%          2    ##.....
c - Spider Form           Tmut/Pois      ###.......   11%         3    ###....

Your spell library contained the following spells:

 Spells                   Type           Power        Failure   Level  Hunger
 Ice Form                 Ice/Tmut       #.......     61%         4    ####...
 Blade Hands              Tmut           ###.......   67%         5    ######.


Dungeon Overview and Level Annotations

Branches:
Dungeon (4/15)
 Temple: D:4-7

Altars:
Dithmenos
Elyvilon
Makhleb
Vehumet


Innate Abilities, Weirdness & Mutations

You cannot wear most types of armour.
You are very stealthy in the water. (Stealth+)
You are amphibious.
You can wear up to eight rings at the same time.
You can use your tentacles to constrict eight enemies at once.
Your skin changes colour to match your surroundings (Stealth+).
Your rubbery body absorbs attacks. (AC +1, EV +1)
One of your tentacles bears a large vicious spike.


Message History

Your ball python barely misses the phantom.
Your adder barely misses the phantom.
You tentacle-slap the phantom.
The phantom is almost destroyed.
Your ball python closely misses the phantom.
The phantom hits you!
* * * LOW HITPOINT WARNING * * *
The phantom blinks!
You swap places.
The phantom blinks!
Your adder withers and dies!
The phantom hits your ball python!
Your ball python dies!
Casting: Beastly Appendage (safe; 3% risk of failure)
Confirm with . or Enter, or press ? or * to list all spells.
You create a snake!
You now have 4 arrows.
You tentacle-slap the phantom but do no damage.
Your tentacle spike misses the phantom.
The phantom is almost destroyed.
The phantom hits you!
You die...

........#######...##.........#
###...### ##.###########.#
##.######### #.# ##.# #.........#
#.# #..# #..######.###+## #.##
#.....# #.##<..## #.# ##.##.#
#.#.....## ##.#
#####..#.###....W...######..####
................@....##........##
####............S....'...........
# ##....###.........##.#...##.##
# ###..#.# ##.......###.##...#.#
# #......# ##.....## #รท###....#
# #.#.#### ##...## #.# ##.#.#
###.#.# ##'## #.# #.#.# ......#
####.#### #.####.#.# ###.###
#.......# #........#


You could see a phantom and a friendly ball python.

Vanquished Creatures
  A scorpion (D:4)
  A crimson imp (D:3)
  2 hounds (D:4)
  A bullfrog skeleton (D:4)
  A centaur skeleton (D:4)
  2 worker ants (D:4)
  3 gnolls (D:4)
  5 adders
  An adder skeleton (D:4)
  4 worms
  4 leopard geckos
  2 orcs (D:3)
  2 giant cockroaches
  5 goblins
  6 hobgoblins
  9 jackals
  A quokka (D:4)
  2 ball pythons
  6 bats
  2 frilled lizards
  A jackal skeleton (D:4)
  2 kobolds
  5 rats (D:1)
68 creatures vanquished.

Notes
Turn   | Place    | Note
-------+----------+-------------------------------------------
     0 | D:1      | Hugehornet the Octopode Transmuter began the quest for the
                  | Orb.
     0 | D:1      | Reached XP level 1. HP: 13/13 MP: 3/3
    55 | D:1      | Reached XP level 2. HP: 8/18 MP: 3/5
   480 | D:1      | You fall into a shaft and drop 1 floor!
   510 | D:2      | Found a white marble altar of Elyvilon.
   750 | D:1      | Reached XP level 3. HP: 15/23 MP: 4/6
  1361 | D:2      | Learned a level 2 spell: Sticks to Snakes
  1365 | D:2      | Learned a level 3 spell: Spider Form
  1645 | D:2      | Reached skill level 1 in Poison Magic
  1949 | D:2      | Reached XP level 4. HP: 27/28 MP: 5/7
  2782 | D:3      | Found a shadowy altar of Dithmenos.
  2996 | D:3      | Found a burning altar of Makhleb.
  2998 | D:3      | Found a radiant altar of Vehumet.
  3296 | D:4      | Reached XP level 5. HP: 23/33 MP: 8/8
  3568 | D:4      | Reached skill level 4 in Unarmed Combat
  3665 | D:4      | Reached XP level 6. HP: 38/38 MP: 7/10
  3698 | D:4      | Noticed a phantom
  5236 | D:4      | Slain by a phantom

Levels and vault maps discovered:
D:1:      dpeg_arrival_court, layout_loops_ring
D:2:      layout_loops_cross, lemuel_round_altar, first_ration
D:3:      layout_basic, grunt_temple_overflow_lords_of_destruction,
          lemuel_coloured_pillars_altar, kennysheep_decorative_pillar
D:4:      layout_loops_corners

Skill      XL: |  1  2  3  4  5  6 |
---------------+-------------------+-----
Poison Magic   | 2 3 |  3.6
Transmutations | 3 |  3.8
Unarmed Combat | 4 |  4.8
Spellcasting   | 3 |  3.2
Fighting       | |  1.0
Dodging        | |  2.0

Action                   |  1- 3 |  4- 6 || total
-------------------------+-------+-------++-------
Melee: Unarmed           |    81 |   126 ||   207
       Constrict         |    24 |    22 ||    46
       Kick              |    17 |    27 ||    44
       Tentacles         |    13 |    13 ||    26
       Punch             |     1 |     2 ||     3
 Cast: Beastly Appendage |    24 |    25 ||    49
       Sticks to Snakes  |       |     8 ||     8
       Spider Form       |       |     3 ||     3
  Use: Scroll            |     4 |     2 ||     6
       Potion            |       |     1 ||     1
 Stab: Sleeping          |     8 |     1 ||     9
  Eat: Chunk             |     4 |     7 ||    11
       Ration            |       |     1 ||     1
Armor: Skin              |     9 |     5 ||    14
Dodge: Dodged            |    43 |    75 ||   118
